 Dungeon Crawl Stone Soup version 0.21.0-34-g9234887 (webtiles) character file.

190943 tidbits the Martial Artist (level 17, -9/172 HPs)
             Began as a Gnoll Transmuter on Jan 29, 2018.
             Was a High Priest of Cheibriados.
             Mangled by an azure jelly (37 damage)
             ... on level 5 of the Pits of Slime.
             The game lasted 02:25:27 (8187 turns).

tidbits the Martial Artist (Gnoll Transmuter)       Turns: 8187, Time: 02:25:27

Health: -9/172     AC: 25    Str: 24    XL:     17   Next: 82%
Magic:  33/42      EV: 29    Int: 44    God:    Cheibriados [*****.]
Gold:   1089       SH: 15    Dex: 33    Spells: 10/40 levels left

rFire    . . .     SeeInvis .     - Unarmed
rCold    . . .     Gourm    .   f - +0 shield {reflect}
rNeg     + . .     Faith    .   (armour currently unavailable)
rPois    ∞         Spirit   .   E - +2 helmet "Utieq" {Int+4 Slay+2}
rElec    +         Reflect  +   C - +2 cloak {MR+}
rCorr    +         Harm     .   (gloves currently unavailable)
MR       ++...                  (boots currently unavailable)
Stlth    ++++++....             T - amulet of magic regeneration
HPRegen  0.38/turn              K - ring "Huetiginn" {rCorr *Contam +Inv Int+3 Dex+6}
MPRegen  0.53/turn              Q - ring of magical power

@: statue-form, corroded, flying (expiring), very slow
A: distributed training, fangs 1, repulsion field 1, clever 2, screaming 1,
strong nose
}: 2/15 runes: barnacled, gossamer
a: End Transformation, Bend Time, Temporal Distortion, Slouch, Step From Time,
Renounce Religion, Evoke Invisibility


You were on level 5 of the Pits of Slime.
You worshipped Cheibriados.
Cheibriados was extremely pleased with you.
You were very full.
You were a stone statue.
You visited 7 branches of the dungeon, and saw 34 of its levels.
You also visited: Sewer and Ice Cave.

You collected 2056 gold pieces.
You spent 967 gold pieces at shops.

Inventory:

Hand Weapons
 a - the +1 hand axe of Annoyance {pain, rPois rF++}
   (You found it on level 5 of the Dungeon)

   In the hands of one skilled in necromantic magic, it inflicts extra damage on
   living creatures.
   It greatly protects you from fire.
   It protects you from poison.
 o - the +5 flail "ETAOIN SHRDLU" {holy, Dex+4}
   (You found it on level 2 of the Lair of Beasts)

   It has been blessed by the Shining One to cause great damage to the undead
   and demons.
   It affects your dexterity (+4).
 t - a +0 blowgun
 P - a +2 demon blade of draining
   (You took it off Mara on level 4 of the Shoals)
 X - a +2 vampiric war axe
   (You found it on level 1 of the Lair of Beasts)
Missiles
 c - 11 curare-tipped needles
 i - 15 javelins of penetration (quivered)
 m - 37 arrows
 n - 6 throwing nets {!f}
 v - 5 tomahawks of dispersal {!f}
Armour
 f - a +0 shield of reflection (worn)
   (You took it off Donald on level 3 of the Spider Nest)
 p - the +3 cloak of Cheibriados's Hope {rPois rF+}
   (You found it on level 3 of the Spider Nest)

   It protects you from fire.
   It protects you from poison.
 B - a +3 troll leather armour (melded) {Snorg}
 C - a +2 cloak of magic resistance (worn)
   (You took it off Nikola on level 2 of the Shoals)
 E - the +2 helmet "Utieq" (worn) {Int+4 Slay+2}
   (You bought it in a shop on level 10 of the Dungeon)

   It affects your intelligence (+4).
   It affects your accuracy and damage with ranged weapons and melee attacks
   (+2).
 F - a +0 pair of boots (melded)
 G - a +0 pair of gloves of strength (melded)
   (You found it in an ice cave)
Jewellery
 j - an uncursed ring of protection from fire
   (You found it on level 1 of the Spider Nest)
 q - the ring of Appamn {Ice SInv}
   (You found it on level 4 of the Shoals)

   [ring of ice]

   It enhances your ice magic.
   It makes you vulnerable to fire.
   It protects you from cold.
   It lets you see invisible.
 K - the ring "Huetiginn" (left hand) {rCorr *Contam +Inv Int+3 Dex+6}
   (You acquired it on level 4 of the Shoals)

   [ring of resist corrosion]

   It affects your intelligence (+3).
   It affects your dexterity (+6).
   It lets you turn invisible.
   It causes magical contamination when unequipped.
 Q - a ring of magical power (right hand)
   (You took it off a centaur on level 10 of the Dungeon)
 T - an amulet of magic regeneration (around neck)
   (You found it on level 1 of the Spider Nest)
Wands
 h - a wand of paralysis (6)
 I - a wand of iceblast (7)
 L - a wand of acid (1)
Scrolls
 e - a scroll of blinking
 g - 6 scrolls of teleportation
 r - 6 scrolls of remove curse
 x - 6 scrolls of enchant weapon
 A - a scroll of torment
 D - 2 scrolls of fog
 H - 4 scrolls of fear
 U - a scroll of summoning {unknown}
 Z - 2 scrolls of immolation
Potions
 l - 3 potions of ambrosia
 s - 5 potions of heal wounds
 w - 4 potions of curing
 z - a potion of agility
 S - a potion of lignification {unknown}
 V - 3 potions of brilliance
 Y - a potion of resistance
Books
 k - a book of Power
   (You found it on level 3 of the Lair of Beasts)

   Spells                             Type                      Level
   a - Iskenderun's Battlesphere      Conjuration/Charms           5
   b - Venom Bolt                     Conjuration/Poison           5
   c - Bolt of Magma                  Conjuration/Fire/Earth       5
   d - Iron Shot                      Conjuration/Earth            6
   e - Orb of Destruction             Conjuration                  7
   f - Spellforged Servitor           Conjuration/Summoning        7
 u - Roxanne's Reference Book on Moulding
   (You took it off Roxanne on level 1 of the Shoals)

   Spells                             Type                      Level
   a - Beastly Appendage              Transmutation                1
   b - Sticks to Snakes               Transmutation                2
   c - Passwall                       Transmutation/Earth          2
   d - Statue Form                    Transmutation/Earth          6
   e - Dragon Form                    Transmutation                7
 y - a book of Maledictions
   (You found it on level 1 of the Spider Nest)

   Spells                             Type                      Level
   a - Corona                         Hexes                        1
   b - Ensorcelled Hibernation        Hexes/Ice                    2
   c - Confuse                        Hexes                        3
   d - Tukima's Dance                 Hexes                        3
   e - Dazzling Spray                 Conjuration/Hexes            3
 N - a book of the Warp
   (You found it on level 4 of the Spider Nest)

   Spells                             Type                      Level
   a - Gell's Gravitas                Translocation                3
   b - Portal Projectile              Hexes/Translocation          3
   c - Force Lance                    Conjuration/Translocation    4
   d - Dispersal                      Translocation                6
   e - Controlled Blink               Translocation                8
   f - Disjunction                    Translocation                8
Miscellaneous
 R - a phial of floods
Comestibles
 d - 26 rations


   Skills:
 + Level 11.8 Fighting
 + Level 11.6 Short Blades
 + Level 11.6 Long Blades
 + Level 11.6 Axes
 + Level 11.6 Maces & Flails
 + Level 11.6 Polearms
 + Level 11.6 Staves
 + Level 11.6 Slings
 + Level 11.6 Bows
 + Level 11.6 Crossbows
 + Level 11.6 Throwing
 + Level 11.6 Armour
 + Level 12.3 Dodging
 + Level 11.6 Stealth
 + Level 11.6 Shields
 + Level 13.0 Unarmed Combat
 + Level 12.4 Spellcasting
 + Level 9.9 Conjurations
 + Level 9.9 Hexes
 + Level 9.9 Charms
 + Level 9.9 Summonings
 + Level 9.9 Necromancy
 + Level 9.9 Translocations
 + Level 10.6 Transmutations
 + Level 9.9 Fire Magic
 + Level 9.9 Ice Magic
 + Level 9.9 Air Magic
 + Level 9.9 Earth Magic
 + Level 9.9 Poison Magic
 + Level 12.5 Invocations
 + Level 11.6 Evocations


You had 10 spell levels left.
You knew the following spells:

 Your Spells              Type           Power        Failure   Level  Hunger
e - Beastly Appendage     Tmut           ######       1%          1    None
k - Sticks to Snakes      Tmut           #######.     1%          2    None
n - Animate Skeleton      Necr           N/A          1%          1    None
p - Passwall              Tmut/Erth      #######...   1%          2    None
r - Regeneration          Chrm/Necr      #######...   1%          3    None
s - Statue Form           Tmut/Erth      #######..    3%          6    #......
v - Borgnjor's Vile Clut  Necr/Erth      #######...   1%          5    None
w - Spectral Weapon       Hex/Chrm       #######.     1%          3    None
y - Song of Slaying       Chrm           #######.     1%          2    None
A - Apportation           Tloc           ######       1%          1    None
N - Animate Dead          Necr           N/A          1%          4    None


Dungeon Overview and Level Annotations

Branches:
Dungeon (12/15)            Temple (1/1) D:7            Lair (6/6) D:10
 Shoals (4/4) Lair:2       Spider (4/4) Lair:2        Slime (5/5) Lair:6
    Orc (2/2) D:11            Elf (0/3) Orc:2

Altars:
Cheibriados
Dithmenos
Elyvilon
Gozag
Makhleb
Ru
Sif Muna
Uskayaw
Wu Jian
Xom
Yredelemnul
Beogh
Jiyva

Shops:
D:8 (   D:10 [   Orc:2 ((!%   Shoals:1 }

Annotations:
D:12 exclusion: gargoyle


Innate Abilities, Weirdness & Mutations

Your experience applies equally to all skills.
You have very sharp teeth.
Your uncanny sense of smell can sniff out nearby items.
You are surrounded by a mild repulsion field. (EV +2)
Your mind is very acute. (Int +4)
You occasionally shout uncontrollably at your foes.


Message History

The acid blob closely misses you. You block the acid blob's attack.
Your adder completely misses the acid blob.
Unknown command.
You pulverise the acid blob!!!!
You kill the acid blob!
That felt strangely unrewarding.
Unknown command.
You pummel the acid blob!!
Your hands burn!
* * * LOW HITPOINT WARNING * * *
Your bite misses the acid blob.
The acid blob is moderately wounded.
Your skin stops crawling.
The acid blob spits acid at you. The splash of acid hits you!
The acid corrodes you!
You are splashed with acid!
The acid burns!
You resist.
* * * LOW HITPOINT WARNING * * *
Your adder bites the acid blob.
The acid blob is poisoned.
Your adder poisons the acid blob!
The acid corrodes your adder!
Your adder is burned by acid!
Your adder withers and dies!
The acid blob hits you but does no damage.
A slime creature comes into view.
Really harm your adders?
You can feel time thicken for a moment.
You kill your adder! x3
You feel somewhat less full.
Cheibriados lowers the support of your attributes as your movement quickens.
The slime creature moves out of view.
The acid blob hits you!!
* * * LOW HITPOINT WARNING * * *
You are splashed with acid!
The acid burns!
You resist.
* * * LOW HITPOINT WARNING * * *
Unknown command.
You feel much better. The acid blob spits acid at you.
The splash of acid hits you!
You are splashed with acid!
The acid burns!
You resist.
* * * LOW HITPOINT WARNING * * *
You block the acid blob's attack.
Unknown command.
You can feel time thicken for a moment.
You kill the acid blob!
Cheibriados appreciates the change of pace.
You kill the slime creature!
Cheibriados thoroughly appreciates the change of pace.
You kill the azure jelly!
Cheibriados thoroughly appreciates the change of pace.
You feel somewhat less full.
Cheibriados lowers the support of your attributes as your movement quickens.
An azure jelly and a slime creature come into view.
As you read the scroll of torment, it crumbles to dust.
Your body is wracked with pain!
* * * LOW HITPOINT WARNING * * *
The acid blob convulses!
The azure jelly convulses!
The slime creature convulses!
You block the acid blob's attack.
The acid blob hits you but does no damage.
Unknown command.
Press: ? - help, v - describe, . - travel
Here: an acid blob (heavily wounded)
The floor.
You feel much better. The acid blob spits acid at you.
The splash of acid misses you.
A slime creature suddenly becomes a large slime creature.
The acid blob completely misses you.
Unknown command.
You pummel the acid blob like a punching bag!!!
Your hands burn!
* * * LOW HITPOINT WARNING * * *
Your bite misses the acid blob.
The acid blob is almost dead.
You feel a little less mighty now. The acid blob hits you.
* * * LOW HITPOINT WARNING * * *
The acid corrodes you!
You are splashed with acid!
The acid burns!
You resist.
* * * LOW HITPOINT WARNING * * *
A large slime creature splits.
Unknown command.
You can feel time thicken for a moment.
You kill the acid blob!
Cheibriados thoroughly appreciates the change of pace.
You feel somewhat less full.
Cheibriados lowers the support of your attributes as your movement quickens.
A slime creature suddenly disappears!
Your magical contamination has completely faded away.
Unknown command.
You hit the azure jelly.
The azure jelly is almost dead.
A slime creature suddenly disappears!
You block the azure jelly's attack. The azure jelly hits you!
* * * LOW HITPOINT WARNING * * *
The azure jelly freezes you!!
* * * LOW HITPOINT WARNING * * *
The azure jelly closely misses you.
The azure jelly hits you but does no damage.
An eye of draining comes into view.
You feel much better.
You are starting to lose your buoyancy.
You block the azure jelly's attack. The azure jelly hits you.
* * * LOW HITPOINT WARNING * * *
The azure jelly freezes you!!!
You die...

...... ..... ∆∆.}.. ∆
∆∆ .. ∆∆∆∆... ∆∆∆∆ ....
∆∆∆∆∆.G ∆∆∆∆∆ #.....
∆∆∆ #J ∆∆∆ ##.......
∆∆∆#J##∆∆∆ ##.........
∆ #.8# ∆ ##..........
##.#####...........
..####...##............
.......................
.......................
.......................
.......................
.......................
..................<...#


You could see an azure jelly, a death ooze and an eye of draining.

Vanquished Creatures
  the Royal Jelly (Slime:5)
  Mara (Shoals:4)
  Nikola (Shoals:2)
  Rupert (Lair:6)
  17 acid blobs
  Roxanne (Shoals:1)
  Donald (Spider:3)
  Ilsuiw (Shoals:4)
  An azure jelly (Slime:5)
  The ghost of Lovchig the Severer, a journeyman DDFi of Makhleb (Lair:3)
  4 ghost moths (Spider:4)
  An orc warlord (Orc:1)
  3 emperor scorpions
  3 entropy weavers
  A stone giant (Orc:2)
  3 spark wasps (Spider:4)
  The ghost of p0werm0de the Grappler, a journeyman FoCK of Uskayaw (Orc:2)
  A death ooze (Slime:5)
  Snorg (D:11)
  A merfolk javelineer (Shoals:4)
  5 merfolk impalers
  2 hydras (Lair:2)
  4 great orbs of eyes
  5 merfolk aquamancers (Shoals:4)
  13 two-headed ogres
  3 ogre magi (Orc:2)
  The ghost of Agrougrou the Martial Artist, a journeyman OpTm of Makhleb (D:10)
  An alligator snapping turtle (Shoals:4)
  2 merfolk avatars
  A kraken simulacrum (Shoals:4)
  6 sea snakes
  2 orc knights
  4 harpies
  The ghost of p0werm0de the Skirmisher, a novice FoCK of Ashenzari (D:7)
  Pikel (D:8)
  6 orb spiders
  14 wolf spiders
  4 fauns
  A shining eye (Slime:5)
  2 manticores
  4 orc sorcerers
  2 ice statues (IceCv)
  2 black mambas
  A torpor snail (Spider:3)
  6 merfolk sirens
  3 eyes of devastation
  A water nymph (Shoals:4)
  2 spiny frogs
  A kobold demonologist (D:11)
  3 rime drakes (Lair:2)
  8 demonic crawlers
  A komodo dragon (Lair:3)
  7 ice devils (IceCv)
  9 jumping spiders
  22 merfolk
  4 trolls
  3 wind drakes
  3 tyrant leeches (Spider:2)
  7 hornets (Spider:4)
  2 snapping turtles (Shoals:4)
  4 blink frogs (Lair:1)
  23 slime creatures
  7 dream sheep (Lair:4)
  4 hippogriffs
  24 redbacks
  10 tarantellas
  2 water elementals (Shoals:4)
  A wyvern (D:10)
  20 yaks
  A hungry ghost (D:11)
  2 golden eyes (Slime:4)
  Grum (D:9)
  4 wargs
  4 water moccasins
  5 porcupines
  A black bear (D:10)
  2 slaves (D:8)
  4 sky beasts
  2 phantoms (D:11)
  12 orc warriors
  29 ogres
  2 eyes of draining
  3 wolves
  4 centaurs
  2 crocodiles
  2 big kobolds (Sewer)
  7 bullfrogs
  A gnoll sergeant (D:7)
  4 earth elementals (Spider:2)
  4 scorpions
  2 troll zombies (D:11)
  10 killer bees
  8 wights
  5 electric eels
  4 howler monkeys (D:9)
  2 crimson imps
  3 hounds
  A quasit (D:8)
  A jelly (D:6)
  3 orc priests
  3 bullfrog skeletons
  2 iguanas
  13 orc wizards
  3 worker ants
  3 ogre zombies (D:11)
  2 hound zombies
  3 gnolls (D:7)
  A worker ant zombie (D:6)
  13 adders
  A howler monkey skeleton (D:5)
  5 river rats (Sewer)
  A shadow imp (D:7)
  2 white imps (IceCv)
  An ufetubus (IceCv)
  An ooze (D:3)
  An adder zombie (D:8)
  3 worms
  6 leopard geckos
  39 orcs
  3 giant cockroaches
  2 goblins
  4 hobgoblins
  10 jackals
  2 quokkas
  3 ball pythons (Sewer)
  7 bats
  3 frilled lizards
  2 goblin skeletons (D:11)
  3 goblin zombies (D:11)
  2 hobgoblin skeletons (D:11)
  A hobgoblin zombie (D:11)
  20 kobolds
  3 orc skeletons (D:11)
  8 orc zombies (D:11)
  24 rats
  A bush (Lair:4)
  2 plants
  A spectral weapon (Orc:2)
648 creatures vanquished.

Vanquished Creatures (collateral kills)
  An acid blob (Slime:5)
  A merfolk javelineer (Shoals:4)
  Harold (D:11)
  An ogre mage (Orc:2)
  2 two-headed ogres (Orc:2)
  4 orb spiders
  3 wolf spiders
  A moth of wrath (Spider:4)
  5 jumping spiders
  A tyrant leech (Spider:2)
  A slime creature (Slime:5)
  3 tarantellas
  8 redbacks
  3 yaks (D:11)
  An orc warrior (D:11)
  A porcupine (Lair:2)
  A wolf (D:10)
  2 ogres (Orc:2)
  A crocodile (Lair:2)
  2 killer bees
  An electric eel (Spider:4)
  An orc wizard (Orc:2)
  An iguana (D:6)
  A worker ant (Lair:2)
  2 ogre zombies (D:11)
  A gnoll (D:7)
  3 adders
  An adder zombie (D:9)
  2 worms
  A leopard gecko (D:2)
  9 orcs
  A giant cockroach (Lair:2)
  2 jackals (D:2)
  A kobold (D:3)
  A quokka (D:11)
  A hobgoblin zombie (D:11)
  An orc skeleton (D:11)
  4 orc zombies (D:11)
  A fungus (Lair:2)
  A plant (Shoals:4)
79 creatures vanquished.

Vanquished Creatures (others)
  A merfolk javelineer (Shoals:4)
  A merfolk aquamancer (Shoals:4)
  A snapping turtle (Shoals:4)
  5 white imps (IceCv)
  11 ufetubi (IceCv)
  A jackal (D:7)
  3 fungi (Lair:2)
  4 plants
  5 spectral weapons
  3 tentacles (Shoals:4)
35 creatures vanquished.

Grand Total: 762 creatures vanquished

Notes
Turn   | Place    | Note
-------+----------+-------------------------------------------
     0 | D:1      | tidbits the Gnoll Transmuter began the quest for the Orb.
     0 | D:1      | Reached XP level 1. HP: 17/17 MP: 6/6
   118 | D:1      | Reached XP level 2. HP: 22/23 MP: 5/7
   126 | D:1      | Learned a level 2 spell: Sticks to Snakes
   208 | D:2      | Reached XP level 3. HP: 26/28 MP: 5/9
   213 | D:2      | Found a white marble altar of Elyvilon.
   237 | D:2      | Reached skill level 5 in Spellcasting
   313 | D:2      | Reached skill level 1 in Invocations
   365 | D:3      | Reached skill level 1 in Short Blades
   365 | D:3      | Reached skill level 1 in Long Blades
   365 | D:3      | Reached skill level 1 in Axes
   365 | D:3      | Reached skill level 1 in Maces & Flails
   365 | D:3      | Reached skill level 1 in Polearms
   365 | D:3      | Reached skill level 1 in Staves
   365 | D:3      | Reached skill level 1 in Slings
   365 | D:3      | Reached skill level 1 in Bows
   365 | D:3      | Reached skill level 1 in Crossbows
   365 | D:3      | Reached skill level 1 in Throwing
   365 | D:3      | Reached skill level 1 in Armour
   365 | D:3      | Reached skill level 1 in Stealth
   365 | D:3      | Reached skill level 1 in Shields
   365 | D:3      | Reached skill level 1 in Evocations
   365 | D:3      | Reached XP level 4. HP: 26/34 MP: 4/11
   386 | D:3      | Learned a level 3 spell: Spider Form
   422 | D:3      | Found an ornate altar of the Wu Jian Council.
   510 | D:3      | Reached skill level 1 in Conjurations
   510 | D:3      | Reached skill level 1 in Hexes
   510 | D:3      | Reached skill level 1 in Charms
   510 | D:3      | Reached skill level 1 in Summonings
   510 | D:3      | Reached skill level 1 in Necromancy
   510 | D:3      | Reached skill level 1 in Translocations
   510 | D:3      | Reached skill level 1 in Fire Magic
   510 | D:3      | Reached skill level 1 in Ice Magic
   510 | D:3      | Reached skill level 1 in Air Magic
   510 | D:3      | Reached skill level 1 in Earth Magic
   510 | D:3      | Reached skill level 1 in Poison Magic
   608 | D:3      | Reached XP level 5. HP: 40/40 MP: 2/12
   639 | D:3      | Found a sacrificial altar of Ru.
   684 | D:3      | Found a glowing drain.
   707 | D:3      | Reached skill level 3 in Fighting
   713 | Sewer    | Entered a sewer
   802 | Sewer    | Reached skill level 4 in Transmutations
   868 | Sewer    | Noticed a big kobold
   875 | Sewer    | Killed a big kobold
   875 | Sewer    | Reached skill level 2 in Invocations
   875 | Sewer    | Reached XP level 6. HP: 37/47 MP: 7/14
   937 | Sewer    | Reached skill level 5 in Dodging
   965 | Sewer    | Reached skill level 2 in Short Blades
   965 | Sewer    | Reached skill level 2 in Long Blades
   965 | Sewer    | Reached skill level 2 in Axes
   965 | Sewer    | Reached skill level 2 in Maces & Flails
   965 | Sewer    | Reached skill level 2 in Polearms
   965 | Sewer    | Reached skill level 2 in Staves
   965 | Sewer    | Reached skill level 2 in Slings
   965 | Sewer    | Reached skill level 2 in Bows
   965 | Sewer    | Reached skill level 2 in Crossbows
   965 | Sewer    | Reached skill level 2 in Throwing
   965 | Sewer    | Reached skill level 2 in Armour
   965 | Sewer    | Reached skill level 2 in Stealth
   965 | Sewer    | Reached skill level 2 in Shields
   965 | Sewer    | Reached skill level 2 in Evocations
  1159 | D:4      | Reached XP level 7. HP: 52/52 MP: 11/15
  1208 | D:4      | Learned a level 1 spell: Animate Skeleton
  1210 | D:4      | Learned a level 1 spell: Apportation
  1212 | D:4      | Learned a level 1 spell: Confusing Touch
  1366 | D:4      | Found a burning altar of Makhleb.
  1374 | D:5      | Entered Level 5 of the Dungeon
  1570 | D:5      | Reached skill level 7 in Unarmed Combat
  1588 | D:5      | Reached skill level 2 in Conjurations
  1588 | D:5      | Reached skill level 2 in Hexes
  1588 | D:5      | Reached skill level 2 in Charms
  1588 | D:5      | Reached skill level 2 in Summonings
  1588 | D:5      | Reached skill level 2 in Necromancy
  1588 | D:5      | Reached skill level 2 in Translocations
  1588 | D:5      | Reached skill level 2 in Fire Magic
  1588 | D:5      | Reached skill level 2 in Ice Magic
  1588 | D:5      | Reached skill level 2 in Air Magic
  1588 | D:5      | Reached skill level 2 in Earth Magic
  1588 | D:5      | Reached skill level 2 in Poison Magic
  1589 | D:5      | Got a warped hand axe
  1607 | D:6      | Identified the cursed +1 hand axe of Annoyance {pain, rPois rF++} (You found it on level 5 of the Dungeon)
  1649 | D:6      | Reached skill level 3 in Invocations
  1791 | D:7      | Reached XP level 8. HP: 53/60 MP: 11/16
  1816 | D:7      | Reached skill level 4 in Fighting
  1822 | D:7      | Reached skill level 3 in Short Blades
  1822 | D:7      | Reached skill level 3 in Long Blades
  1822 | D:7      | Reached skill level 3 in Axes
  1822 | D:7      | Reached skill level 3 in Maces & Flails
  1822 | D:7      | Reached skill level 3 in Polearms
  1822 | D:7      | Reached skill level 3 in Staves
  1822 | D:7      | Reached skill level 3 in Slings
  1822 | D:7      | Reached skill level 3 in Bows
  1822 | D:7      | Reached skill level 3 in Crossbows
  1822 | D:7      | Reached skill level 3 in Throwing
  1822 | D:7      | Reached skill level 3 in Armour
  1822 | D:7      | Reached skill level 3 in Stealth
  1822 | D:7      | Reached skill level 3 in Shields
  1822 | D:7      | Reached skill level 3 in Evocations
  1858 | D:7      | Found a staircase to the Ecumenical Temple.
  1880 | D:7      | Found a shadowy altar of Dithmenos.
  1902 | Temple   | Entered the Ecumenical Temple
  1933 | Temple   | Became a worshipper of Cheibriados the Contemplative
  1981 | D:7      | Noticed p0werm0de's ghost (novice FoCK)
  1989 | D:7      | Reached skill level 6 in Spellcasting
  2026 | D:7      | Killed p0werm0de's ghost
  2026 | D:7      | Reached skill level 3 in Conjurations
  2026 | D:7      | Reached skill level 3 in Hexes
  2026 | D:7      | Reached skill level 3 in Charms
  2026 | D:7      | Reached skill level 3 in Summonings
  2026 | D:7      | Reached skill level 3 in Necromancy
  2026 | D:7      | Reached skill level 3 in Translocations
  2026 | D:7      | Reached skill level 3 in Fire Magic
  2026 | D:7      | Reached skill level 3 in Ice Magic
  2026 | D:7      | Reached skill level 3 in Air Magic
  2026 | D:7      | Reached skill level 3 in Earth Magic
  2026 | D:7      | Reached skill level 3 in Poison Magic
  2026 | D:7      | Reached skill level 4 in Invocations
  2036 | D:7      | Found an opulent altar of Gozag.
  2076 | D:7      | Reached XP level 9. HP: 66/66 MP: 11/18
  2129 | D:7      | Reached skill level 6 in Dodging
  2136 | D:7      | Reached skill level 5 in Transmutations
  2203 | D:7      | Learned a level 3 spell: Regeneration
  2221 | D:7      | Reached * piety under Cheibriados
  2226 | D:7      | Reached skill level 4 in Short Blades
  2226 | D:7      | Reached skill level 4 in Long Blades
  2226 | D:7      | Reached skill level 4 in Axes
  2226 | D:7      | Reached skill level 4 in Maces & Flails
  2226 | D:7      | Reached skill level 4 in Polearms
  2226 | D:7      | Reached skill level 4 in Staves
  2226 | D:7      | Reached skill level 4 in Slings
  2226 | D:7      | Reached skill level 4 in Bows
  2226 | D:7      | Reached skill level 4 in Crossbows
  2226 | D:7      | Reached skill level 4 in Throwing
  2226 | D:7      | Reached skill level 4 in Armour
  2226 | D:7      | Reached skill level 4 in Stealth
  2226 | D:7      | Reached skill level 4 in Shields
  2226 | D:7      | Reached skill level 4 in Evocations
  2274 | D:7      | HP: 4/67 [orc/flail (10)]
  2307 | D:8      | Noticed a two-headed ogre
  2368 | D:8      | Reached skill level 5 in Fighting
  2428 | D:8      | Killed a two-headed ogre
  2428 | D:8      | Reached skill level 8 in Unarmed Combat
  2428 | D:8      | Reached skill level 5 in Invocations
  2617 | D:10     | Entered Level 10 of the Dungeon
  2617 | D:10     | Found Qanlip Soe's Armour Emporium.
  2672 | D:10     | Reached skill level 7 in Spellcasting
  2672 | D:10     | Reached XP level 10. HP: 63/74 MP: 13/20
  2673 | D:10     | Noticed a two-headed ogre
  2687 | D:10     | Reached skill level 4 in Conjurations
  2687 | D:10     | Reached skill level 4 in Hexes
  2687 | D:10     | Reached skill level 4 in Charms
  2687 | D:10     | Reached skill level 4 in Summonings
  2687 | D:10     | Reached skill level 4 in Necromancy
  2687 | D:10     | Reached skill level 4 in Translocations
  2687 | D:10     | Reached skill level 4 in Fire Magic
  2687 | D:10     | Reached skill level 4 in Ice Magic
  2687 | D:10     | Reached skill level 4 in Air Magic
  2687 | D:10     | Reached skill level 4 in Earth Magic
  2687 | D:10     | Reached skill level 4 in Poison Magic
  2698 | D:10     | Reached ** piety under Cheibriados
  2758 | D:11     | Reached skill level 5 in Short Blades
  2758 | D:11     | Reached skill level 5 in Long Blades
  2758 | D:11     | Reached skill level 5 in Axes
  2758 | D:11     | Reached skill level 5 in Maces & Flails
  2758 | D:11     | Reached skill level 5 in Polearms
  2758 | D:11     | Reached skill level 5 in Staves
  2758 | D:11     | Reached skill level 5 in Slings
  2758 | D:11     | Reached skill level 5 in Bows
  2758 | D:11     | Reached skill level 5 in Crossbows
  2758 | D:11     | Reached skill level 5 in Throwing
  2758 | D:11     | Reached skill level 5 in Armour
  2758 | D:11     | Reached skill level 5 in Stealth
  2758 | D:11     | Reached skill level 5 in Shields
  2758 | D:11     | Reached skill level 5 in Evocations
  2808 | D:10     | Killed a two-headed ogre
  2808 | D:10     | Reached skill level 7 in Dodging
  2817 | D:10     | Noticed Agrougrou's ghost (journeyman OpTm)
  2829 | D:10     | Killed Agrougrou's ghost
  2829 | D:10     | Reached skill level 6 in Fighting
  2860 | D:10     | Reached skill level 6 in Transmutations
  2860 | D:10     | Reached skill level 6 in Invocations
  2935 | D:11     | Noticed Harold
  2938 | D:11     | Found a staircase to the Orcish Mines.
  3018 | D:9      | Reached *** piety under Cheibriados
  3030 | D:9      | Reached XP level 11. HP: 55/82 MP: 22/22
  3036 | D:9      | Learned a level 2 spell: Song of Slaying
  3047 | D:8      | Found Fuih's Weapon Shoppe.
  3070 | D:8      | Noticed Pikel
  3097 | D:8      | Killed Pikel
  3189 | D:9      | Noticed Grum
  3207 | D:9      | Killed Grum
  3232 | D:9      | Learned a level 5 spell: Borgnjor's Vile Clutch
  3429 | D:11     | Reached skill level 9 in Unarmed Combat
  3434 | D:11     | Reached **** piety under Cheibriados
  3434 | D:11     | Reached skill level 6 in Short Blades
  3434 | D:11     | Reached skill level 6 in Long Blades
  3434 | D:11     | Reached skill level 6 in Axes
  3434 | D:11     | Reached skill level 6 in Maces & Flails
  3434 | D:11     | Reached skill level 6 in Polearms
  3434 | D:11     | Reached skill level 6 in Staves
  3434 | D:11     | Reached skill level 6 in Slings
  3434 | D:11     | Reached skill level 6 in Bows
  3434 | D:11     | Reached skill level 6 in Crossbows
  3434 | D:11     | Reached skill level 6 in Throwing
  3434 | D:11     | Reached skill level 6 in Armour
  3434 | D:11     | Reached skill level 6 in Stealth
  3434 | D:11     | Reached skill level 6 in Shields
  3434 | D:11     | Reached skill level 6 in Evocations
  3492 | D:11     | Reached skill level 5 in Conjurations
  3492 | D:11     | Reached skill level 5 in Hexes
  3492 | D:11     | Reached skill level 5 in Charms
  3492 | D:11     | Reached skill level 5 in Summonings
  3492 | D:11     | Reached skill level 5 in Necromancy
  3492 | D:11     | Reached skill level 5 in Translocations
  3492 | D:11     | Reached skill level 5 in Fire Magic
  3492 | D:11     | Reached skill level 5 in Ice Magic
  3492 | D:11     | Reached skill level 5 in Air Magic
  3492 | D:11     | Reached skill level 5 in Earth Magic
  3492 | D:11     | Reached skill level 5 in Poison Magic
  3552 | D:11     | Reached skill level 8 in Spellcasting
  3577 | D:11     | Learned a level 5 spell: Blade Hands
  3607 | D:11     | Killed Harold
  3710 | D:11     | Reached ***** piety under Cheibriados
  3789 | D:10     | Bought the +2 helmet "Utieq" {Int+4 Slay+2} for 421 gold pieces
  3799 | D:10     | Learned a level 3 spell: Spectral Weapon
  3887 | D:11     | Noticed Snorg
  3894 | D:11     | Killed Snorg
  3894 | D:11     | Reached skill level 7 in Fighting
  3894 | D:11     | Reached skill level 8 in Dodging
  3894 | D:11     | Reached skill level 7 in Invocations
  3919 | Orc:1    | Entered Level 1 of the Orcish Mines
  3919 | Orc:1    | Noticed an orc sorcerer
  3919 | Orc:1    | Noticed an orc sorcerer
  3921 | Orc:1    | Noticed an orc warlord
  3923 | Orc:1    | Killed an orc sorcerer
  3923 | Orc:1    | Killed an orc sorcerer
  3927 | Orc:1    | Killed an orc warlord
  3927 | Orc:1    | Reached XP level 12. HP: 48/91 MP: 11/24
  3997 | D:11     | Reached skill level 7 in Transmutations
  4066 | Orc:1    | Reached skill level 7 in Short Blades
  4066 | Orc:1    | Reached skill level 7 in Long Blades
  4066 | Orc:1    | Reached skill level 7 in Axes
  4066 | Orc:1    | Reached skill level 7 in Maces & Flails
  4066 | Orc:1    | Reached skill level 7 in Polearms
  4066 | Orc:1    | Reached skill level 7 in Staves
  4066 | Orc:1    | Reached skill level 7 in Slings
  4066 | Orc:1    | Reached skill level 7 in Bows
  4066 | Orc:1    | Reached skill level 7 in Crossbows
  4066 | Orc:1    | Reached skill level 7 in Throwing
  4066 | Orc:1    | Reached skill level 7 in Armour
  4066 | Orc:1    | Reached skill level 7 in Stealth
  4066 | Orc:1    | Reached skill level 7 in Shields
  4066 | Orc:1    | Reached skill level 7 in Evocations
  4191 | Orc:2    | Entered Level 2 of the Orcish Mines
  4271 | Orc:2    | Noticed p0werm0de's ghost (journeyman FoCK)
  4281 | Orc:2    | Noticed a stone giant
  4283 | Orc:2    | Killed p0werm0de's ghost
  4287 | Orc:2    | Killed a stone giant
  4287 | Orc:2    | Reached skill level 6 in Conjurations
  4287 | Orc:2    | Reached skill level 6 in Hexes
  4287 | Orc:2    | Reached skill level 6 in Charms
  4287 | Orc:2    | Reached skill level 6 in Summonings
  4287 | Orc:2    | Reached skill level 6 in Necromancy
  4287 | Orc:2    | Reached skill level 6 in Translocations
  4287 | Orc:2    | Reached skill level 6 in Fire Magic
  4287 | Orc:2    | Reached skill level 6 in Ice Magic
  4287 | Orc:2    | Reached skill level 6 in Air Magic
  4287 | Orc:2    | Reached skill level 6 in Earth Magic
  4287 | Orc:2    | Reached skill level 6 in Poison Magic
  4299 | Orc:2    | Found a staircase to the Elven Halls.
  4302 | Orc:2    | Reached skill level 8 in Invocations
  4305 | Orc:2    | Reached skill level 9 in Spellcasting
  4324 | Orc:2    | Noticed a two-headed ogre
  4354 | Orc:2    | Noticed a two-headed ogre
  4354 | Orc:2    | Noticed a two-headed ogre
  4355 | Orc:2    | Noticed a two-headed ogre
  4365 | Orc:2    | Killed a two-headed ogre
  4373 | Orc:2    | Killed a two-headed ogre
  4373 | Orc:2    | Reached skill level 8 in Fighting
  4373 | Orc:2    | Reached skill level 10 in Unarmed Combat
  4375 | Orc:2    | Noticed a two-headed ogre
  4376 | Orc:2    | Noticed an ogre mage
  4382 | Orc:2    | Killed a two-headed ogre
  4382 | Orc:2    | Killed an ogre mage
  4382 | Orc:2    | Reached skill level 9 in Dodging
  4386 | Orc:2    | Noticed a two-headed ogre
  4393 | Orc:2    | Noticed a two-headed ogre
  4396 | Orc:2    | Killed a two-headed ogre
  4396 | Orc:2    | Reached XP level 13. HP: 85/98 MP: 10/26
  4407 | Orc:2    | Reached ****** piety under Cheibriados
  4416 | Orc:2    | Reached skill level 8 in Short Blades
  4416 | Orc:2    | Reached skill level 8 in Long Blades
  4416 | Orc:2    | Reached skill level 8 in Axes
  4416 | Orc:2    | Reached skill level 8 in Maces & Flails
  4416 | Orc:2    | Reached skill level 8 in Polearms
  4416 | Orc:2    | Reached skill level 8 in Staves
  4416 | Orc:2    | Reached skill level 8 in Slings
  4416 | Orc:2    | Reached skill level 8 in Bows
  4416 | Orc:2    | Reached skill level 8 in Crossbows
  4416 | Orc:2    | Reached skill level 8 in Throwing
  4416 | Orc:2    | Reached skill level 8 in Armour
  4416 | Orc:2    | Reached skill level 8 in Stealth
  4416 | Orc:2    | Reached skill level 8 in Shields
  4416 | Orc:2    | Reached skill level 8 in Evocations
  4479 | Orc:2    | Found Xoroc's Food Shoppe.
  4479 | Orc:2    | Found Osux's Antique Weapon Shop.
  4480 | Orc:2    | Found Usmoaj's Distillery.
  4480 | Orc:2    | Found Vibaz's Weapon Emporium.
  4493 | Orc:2    | Reached skill level 9 in Invocations
  4500 | Orc:2    | Bought a potion of mutation for 112 gold pieces
  4500 | Orc:2    | Gained mutation: Your flesh is heat resistant. (rF+) [potion of mutation]
  4500 | Orc:2    | Gained mutation: Your system is resistant to poisons. (rPois) [potion of mutation]
  4501 | Orc:2    | Lost mutation: Your system is resistant to poisons. (rPois) [potion of mutation]
  4501 | Orc:2    | Lost mutation: Your flesh is heat resistant. (rF+) [potion of mutation]
  4501 | Orc:2    | Gained mutation: You occasionally shout uncontrollably at your foes. [potion of mutation]
  4501 | Orc:2    | Gained mutation: Armour fits poorly on your strangely shaped body. [potion of mutation]
  4501 | Orc:2    | Gained mutation: Your mind is acute. (Int +2) [potion of mutation]
  4501 | Orc:2    | Gained mutation: You have a pair of small horns on your head. [potion of mutation]
  4502 | Orc:2    | Lost mutation: You have a pair of small horns on your head. [potion of mutation]
  4502 | Orc:2    | Lost mutation: Armour fits poorly on your strangely shaped body. [potion of mutation]
  4502 | Orc:2    | Gained mutation: Your spells are a little harder to cast, but a little more powerful. [potion of mutation]
  4502 | Orc:2    | Gained mutation: You are surrounded by a mild repulsion field. (EV +2) [potion of mutation]
  4502 | Orc:2    | Lost mutation: Your spells are a little harder to cast, but a little more powerful. [potion of mutation]
  4502 | Orc:2    | Gained mutation: Your mind is very acute. (Int +4) [potion of mutation]
  4508 | Orc:2    | Bought a potion of degeneration for 14 gold pieces
  4509 | Orc:2    | Bought a potion of ambrosia for 112 gold pieces
  4509 | Orc:2    | Bought a potion of curing for 42 gold pieces
  4509 | Orc:2    | Bought a potion of heal wounds for 70 gold pieces
  4509 | Orc:2    | Bought a potion of heal wounds for 70 gold pieces
  4509 | Orc:2    | Bought a potion of heal wounds for 70 gold pieces
  4509 | Orc:2    | Bought a potion of agility for 56 gold pieces
  4666 | Orc:1    | Found a roughly hewn altar of Beogh.
  4745 | Orc:2    | Reached skill level 8 in Transmutations
  4798 | D:10     | Found a staircase to the Lair.
  4821 | Lair:1   | Entered Level 1 of the Lair of Beasts
  4987 | Lair:1   | Reached skill level 7 in Conjurations
  4987 | Lair:1   | Reached skill level 7 in Hexes
  4987 | Lair:1   | Reached skill level 7 in Charms
  4987 | Lair:1   | Reached skill level 7 in Summonings
  4987 | Lair:1   | Reached skill level 7 in Necromancy
  4987 | Lair:1   | Reached skill level 7 in Translocations
  4987 | Lair:1   | Reached skill level 7 in Fire Magic
  4987 | Lair:1   | Reached skill level 7 in Ice Magic
  4987 | Lair:1   | Reached skill level 7 in Air Magic
  4987 | Lair:1   | Reached skill level 7 in Earth Magic
  4987 | Lair:1   | Reached skill level 7 in Poison Magic
  5037 | Lair:3   | Noticed Lovchig's ghost (journeyman DDFi)
  5044 | Lair:3   | Killed Lovchig's ghost
  5149 | Lair:2   | Learned a level 4 spell: Ice Form
  5155 | Lair:2   | Reached skill level 9 in Fighting
  5188 | Lair:2   | Got a steaming flail
  5193 | Lair:2   | Found a frozen archway.
  5202 | Lair:2   | Identified the +5 flail "ETAOIN SHRDLU" {holy, Dex+4} (You found it on level 2 of the Lair of Beasts)
  5233 | IceCv    | Entered an ice cave
  5277 | IceCv    | Reached skill level 10 in Spellcasting
  5325 | IceCv    | Reached XP level 14. HP: 108/108 MP: 28/28
  5357 | IceCv    | Identified a +2 pair of boots of running (You found it in an ice cave)
  5570 | Lair:2   | Found a hole to the Spider Nest.
  5606 | Spider:1 | Entered Level 1 of the Spider Nest
  5616 | Spider:1 | Reached skill level 10 in Dodging
  5667 | Spider:1 | Learned a level 4 spell: Animate Dead
  5712 | Spider:3 | Got a crude cloak
  5718 | Spider:3 | Identified the +3 cloak of Cheibriados's Hope {rPois rF+} (You found it on level 3 of the Spider Nest)
  5719 | Spider:3 | Noticed Donald
  5727 | Spider:4 | Entered Level 4 of the Spider Nest
  5769 | Spider:4 | Reached skill level 11 in Unarmed Combat
  5784 | Spider:4 | Noticed an entropy weaver
  5790 | Spider:4 | Reached skill level 9 in Short Blades
  5790 | Spider:4 | Reached skill level 9 in Long Blades
  5790 | Spider:4 | Reached skill level 9 in Axes
  5790 | Spider:4 | Reached skill level 9 in Maces & Flails
  5790 | Spider:4 | Reached skill level 9 in Polearms
  5790 | Spider:4 | Reached skill level 9 in Staves
  5790 | Spider:4 | Reached skill level 9 in Slings
  5790 | Spider:4 | Reached skill level 9 in Bows
  5790 | Spider:4 | Reached skill level 9 in Crossbows
  5790 | Spider:4 | Reached skill level 9 in Throwing
  5790 | Spider:4 | Reached skill level 9 in Armour
  5790 | Spider:4 | Reached skill level 9 in Stealth
  5790 | Spider:4 | Reached skill level 9 in Shields
  5790 | Spider:4 | Reached skill level 9 in Evocations
  5792 | Spider:4 | Killed an entropy weaver
  6032 | Spider:4 | Reached skill level 10 in Invocations
  6230 | Spider:4 | Killed a ghost moth
  6285 | Spider:4 | Noticed an emperor scorpion
  6287 | Spider:4 | Reached skill level 8 in Conjurations
  6287 | Spider:4 | Reached skill level 8 in Hexes
  6287 | Spider:4 | Reached skill level 8 in Charms
  6287 | Spider:4 | Reached skill level 8 in Summonings
  6287 | Spider:4 | Reached skill level 8 in Necromancy
  6287 | Spider:4 | Reached skill level 8 in Translocations
  6287 | Spider:4 | Reached skill level 8 in Fire Magic
  6287 | Spider:4 | Reached skill level 8 in Ice Magic
  6287 | Spider:4 | Reached skill level 8 in Air Magic
  6287 | Spider:4 | Reached skill level 8 in Earth Magic
  6287 | Spider:4 | Reached skill level 8 in Poison Magic
  6290 | Spider:4 | Reached XP level 15. HP: 69/115 MP: 13/29
  6291 | Spider:4 | Reached skill level 9 in Transmutations
  6292 | Spider:4 | Killed a ghost moth
  6292 | Spider:4 | Reached skill level 10 in Fighting
  6298 | Spider:4 | Killed a ghost moth
  6307 | Spider:4 | Killed an emperor scorpion
  6317 | Spider:4 | Noticed an emperor scorpion
  6334 | Spider:4 | Killed an emperor scorpion
  6338 | Spider:4 | Got a gossamer rune of Zot
  6373 | Spider:4 | Killed a ghost moth
  6494 | Spider:3 | Killed Donald
  6494 | Spider:3 | Reached skill level 11 in Spellcasting
  6619 | Spider:2 | Reached skill level 10 in Short Blades
  6619 | Spider:2 | Reached skill level 10 in Long Blades
  6619 | Spider:2 | Reached skill level 10 in Axes
  6619 | Spider:2 | Reached skill level 10 in Maces & Flails
  6619 | Spider:2 | Reached skill level 10 in Polearms
  6619 | Spider:2 | Reached skill level 10 in Staves
  6619 | Spider:2 | Reached skill level 10 in Slings
  6619 | Spider:2 | Reached skill level 10 in Bows
  6619 | Spider:2 | Reached skill level 10 in Crossbows
  6619 | Spider:2 | Reached skill level 10 in Throwing
  6619 | Spider:2 | Reached skill level 10 in Armour
  6619 | Spider:2 | Reached skill level 10 in Stealth
  6619 | Spider:2 | Reached skill level 10 in Shields
  6619 | Spider:2 | Reached skill level 10 in Evocations
  6740 | Spider:1 | Noticed an emperor scorpion
  6747 | Spider:1 | Killed an emperor scorpion
  6889 | Lair:2   | Found a staircase to the Shoals.
  6894 | Shoals:1 | Entered Level 1 of the Shoals
  6907 | Shoals:1 | Reached skill level 11 in Dodging
  6918 | Shoals:1 | Noticed Roxanne
  6957 | Shoals:1 | Found Weoni's Gadget Shoppe.
  6996 | Shoals:1 | Killed Roxanne
  6997 | Shoals:1 | Identified Roxanne's Reference Book on Moulding (You took it off Roxanne on level 1 of the Shoals)
  7006 | Shoals:1 | Learned a level 6 spell: Statue Form
  7009 | Shoals:1 | Learned a level 2 spell: Passwall
  7067 | Shoals:2 | Reached skill level 11 in Invocations
  7153 | Shoals:3 | Identified the +11 great mace of Hymaomp {crush, rC+} (You found it on level 3 of the Shoals)
  7175 | Shoals:4 | Entered Level 4 of the Shoals
  7202 | Shoals:4 | Identified the ring of Appamn {Ice SInv} (You found it on level 4 of the Shoals)
  7210 | Shoals:4 | Reached skill level 12 in Unarmed Combat
  7252 | Shoals:4 | Reached XP level 16. HP: 124/124 MP: 30/31
  7319 | Shoals:4 | Noticed Ilsuiw
  7324 | Shoals:4 | Killed Ilsuiw
  7437 | Shoals:4 | Reached skill level 9 in Conjurations
  7437 | Shoals:4 | Reached skill level 9 in Hexes
  7437 | Shoals:4 | Reached skill level 9 in Charms
  7437 | Shoals:4 | Reached skill level 9 in Summonings
  7437 | Shoals:4 | Reached skill level 9 in Necromancy
  7437 | Shoals:4 | Reached skill level 9 in Translocations
  7437 | Shoals:4 | Reached skill level 9 in Fire Magic
  7437 | Shoals:4 | Reached skill level 9 in Ice Magic
  7437 | Shoals:4 | Reached skill level 9 in Air Magic
  7437 | Shoals:4 | Reached skill level 9 in Earth Magic
  7437 | Shoals:4 | Reached skill level 9 in Poison Magic
  7514 | Shoals:4 | Got a barnacled rune of Zot
  7525 | Shoals:4 | Got a transparent ring mail
  7532 | Shoals:4 | Noticed Mara
  7539 | Shoals:4 | Reached skill level 11 in Fighting
  7550 | Shoals:4 | Killed Mara
  7563 | Shoals:4 | Identified the +4 ring mail of Nyxyss {Stlth+} (You found it on level 4 of the Shoals)
  7576 | Shoals:4 | Identified a scroll of acquirement
  7577 | Shoals:4 | Got a wavering steel ring
  7579 | Shoals:4 | Identified the ring "Huetiginn" {rCorr *Contam +Inv Int+3 Dex+6} (You acquired it on level 4 of the Shoals)
  7632 | Shoals:2 | Noticed Nikola
  7654 | Shoals:2 | Killed Nikola
  7654 | Shoals:2 | Reached skill level 10 in Transmutations
  7871 | Lair:6   | Entered Level 6 of the Lair of Beasts
  7881 | Lair:6   | Found a staircase to the Slime Pits.
  7881 | Lair:6   | Found a viscous altar of Jiyva.
  7881 | Lair:6   | Noticed Rupert
  7888 | Lair:6   | Killed Rupert
  7891 | Slime:1  | Entered Level 1 of the Pits of Slime
  7936 | Slime:3  | Noticed an acid blob
  7936 | Slime:3  | Noticed an acid blob
  7944 | Slime:3  | Noticed an acid blob
  7945 | Slime:3  | Killed an acid blob
  7945 | Slime:3  | Reached skill level 11 in Short Blades
  7945 | Slime:3  | Reached skill level 11 in Long Blades
  7945 | Slime:3  | Reached skill level 11 in Axes
  7945 | Slime:3  | Reached skill level 11 in Maces & Flails
  7945 | Slime:3  | Reached skill level 11 in Polearms
  7945 | Slime:3  | Reached skill level 11 in Staves
  7945 | Slime:3  | Reached skill level 11 in Slings
  7945 | Slime:3  | Reached skill level 11 in Bows
  7945 | Slime:3  | Reached skill level 11 in Crossbows
  7945 | Slime:3  | Reached skill level 11 in Throwing
  7945 | Slime:3  | Reached skill level 11 in Armour
  7945 | Slime:3  | Reached skill level 11 in Stealth
  7945 | Slime:3  | Reached skill level 11 in Shields
  7945 | Slime:3  | Reached skill level 11 in Evocations
  7946 | Slime:3  | Killed an acid blob
  7946 | Slime:3  | Reached skill level 12 in Spellcasting
  7948 | Slime:3  | Reached XP level 17. HP: 131/131 MP: 33/33
  7948 | Slime:3  | Killed an acid blob
  7948 | Slime:3  | Reached skill level 12 in Invocations
  8026 | Slime:5  | Entered Level 5 of the Pits of Slime
  8031 | Slime:5  | Noticed an acid blob
  8046 | Slime:5  | Killed an acid blob
  8046 | Slime:5  | Reached skill level 12 in Dodging
  8082 | Slime:5  | Noticed an acid blob
  8091 | Slime:5  | Killed an acid blob
  8121 | Slime:5  | Noticed an acid blob
  8128 | Slime:5  | Noticed an acid blob
  8129 | Slime:5  | Killed an acid blob
  8132 | Slime:5  | Noticed an acid blob
  8134 | Slime:5  | Killed an acid blob
  8135 | Slime:5  | Noticed the Royal Jelly
  8142 | Slime:5  | Killed an acid blob
  8149 | Slime:5  | Noticed an acid blob
  8151 | Slime:5  | Killed an acid blob
  8152 | Slime:5  | Noticed an acid blob
  8155 | Slime:5  | Killed an acid blob
  8157 | Slime:5  | Noticed an acid blob
  8157 | Slime:5  | Killed the Royal Jelly
  8157 | Slime:5  | Noticed an acid blob
  8157 | Slime:5  | Noticed an acid blob
  8158 | Slime:5  | Noticed an acid blob
  8158 | Slime:5  | Noticed an acid blob
  8160 | Slime:5  | Killed an acid blob
  8161 | Slime:5  | Noticed an acid blob
  8162 | Slime:5  | Noticed an acid blob
  8162 | Slime:5  | Killed an acid blob
  8164 | Slime:5  | Killed an acid blob
  8165 | Slime:5  | Noticed an acid blob
  8168 | Slime:5  | Killed an acid blob
  8175 | Slime:5  | Killed an acid blob
  8175 | Slime:5  | Reached skill level 13 in Unarmed Combat
  8177 | Slime:5  | Killed an acid blob
  8181 | Slime:5  | Killed an acid blob
  8185 | Slime:5  | Killed an acid blob
  8186 | Slime:5  | HP: 13/172 [azure jelly (28)]
  8187 | Slime:5  | Mangled by an azure jelly

Skill      XL: |  1  2  3  4  5  6  7  8  9 10 11 12 13 14 15 16 17 |
---------------+----------------------------------------------------+-----
Spellcasting   | 5 6 7 8 9 10 11 12 | 12.4
Invocations    | 1 2 3 4 5 6 7 8 9 10 11 12 | 12.5
Short Blades   | 1 2 3 4 5 6 7 8 9 10 11 | 11.6
Long Blades    | 1 2 3 4 5 6 7 8 9 10 11 | 11.6
Axes           | 1 2 3 4 5 6 7 8 9 10 11 | 11.6
Maces & Flails | 1 2 3 4 5 6 7 8 9 10 11 | 11.6
Polearms       | 1 2 3 4 5 6 7 8 9 10 11 | 11.6
Staves         | 1 2 3 4 5 6 7 8 9 10 11 | 11.6
Slings         | 1 2 3 4 5 6 7 8 9 10 11 | 11.6
Bows           | 1 2 3 4 5 6 7 8 9 10 11 | 11.6
Crossbows      | 1 2 3 4 5 6 7 8 9 10 11 | 11.6
Throwing       | 1 2 3 4 5 6 7 8 9 10 11 | 11.6
Armour         | 1 2 3 4 5 6 7 8 9 10 11 | 11.6
Stealth        | 1 2 3 4 5 6 7 8 9 10 11 | 11.6
Shields        | 1 2 3 4 5 6 7 8 9 10 11 | 11.6
Evocations     | 1 2 3 4 5 6 7 8 9 10 11 | 11.6
Conjurations   | 1 2 3 4 5 6 7 8 9 |  9.9
Hexes          | 1 2 3 4 5 6 7 8 9 |  9.9
Charms         | 1 2 3 4 5 6 7 8 9 |  9.9
Summonings     | 1 2 3 4 5 6 7 8 9 |  9.9
Necromancy     | 1 2 3 4 5 6 7 8 9 |  9.9
Translocations | 1 2 3 4 5 6 7 8 9 |  9.9
Fire Magic     | 1 2 3 4 5 6 7 8 9 |  9.9
Ice Magic      | 1 2 3 4 5 6 7 8 9 |  9.9
Air Magic      | 1 2 3 4 5 6 7 8 9 |  9.9
Earth Magic    | 1 2 3 4 5 6 7 8 9 |  9.9
Poison Magic   | 1 2 3 4 5 6 7 8 9 |  9.9
Fighting       | 3 4 5 6 7 8 9 10 11 | 11.8
Transmutations | 4 5 6 7 8 9 10 | 10.6
Dodging        | 5 6 7 8 9 10 11 12 | 12.3
Unarmed Combat | 7 8 9 10 11 12 13 | 13.0

Action                   |  1- 3 |  4- 6 |  7- 9 | 10-12 | 13-15 | 16-18 || total
-------------------------+-------+-------+-------+-------+-------+-------++-------
Melee: Unarmed           |    73 |   163 |   226 |   270 |    96 |    38 ||   866
       Headbutt          |     7 |     1 |       |       |       |       ||     8
       Bite              |     6 |     1 |     2 |    32 |   100 |    51 ||   192
       Kick              |     8 |       |       |       |       |       ||     8
       Punch             |     1 |     1 |     1 |    12 |    34 |       ||    49
       Dagger            |       |       |     1 |     3 |       |       ||     4
       Hand axe          |       |       |       |    54 |   376 |   112 ||   542
       Demon blade       |       |       |       |       |       |     9 ||     9
Throw: Tomahawk          |       |       |       |       |    10 |       ||    10
       Javelin           |       |       |       |       |       |     6 ||     6
 Cast: Beastly Appendage |    14 |     4 |       |       |       |       ||    18
       Sticks to Snakes  |     7 |     5 |    18 |    39 |     7 |     7 ||    83
       Spider Form       |       |    20 |    31 |    17 |       |       ||    68
       Regeneration      |       |       |     5 |    10 |    16 |     9 ||    40
       Blade Hands       |       |       |       |    12 |     9 |       ||    21
       Borgnjor's Vile C |       |       |       |     9 |    53 |    25 ||    87
       Song of Slaying   |       |       |       |     3 |       |       ||     3
       Apportation       |       |       |       |    17 |    91 |    28 ||   136
       Spectral Weapon   |       |       |       |     9 |    38 |     9 ||    56
       Animate Skeleton  |       |       |       |     2 |     6 |       ||     8
       Ice Form          |       |       |       |       |     4 |       ||     4
       Animate Dead      |       |       |       |       |    10 |     1 ||    11
       Statue Form       |       |       |       |       |     6 |    15 ||    21
       Passwall          |       |       |       |       |     1 |    16 ||    17
Invok: Bend Time         |       |       |     2 |     5 |       |       ||     7
       Slouch            |       |       |       |     3 |     7 |    10 ||    20
 Abil: End Transformatio |       |       |       |     4 |     3 |     4 ||    11
       Evoke Flight      |       |       |       |       |       |     8 ||     8
Evoke: Wand              |       |       |       |     6 |    19 |     3 ||    28
       Phial of floods   |       |       |       |       |       |     1 ||     1
  Use: Scroll            |       |       |    10 |    12 |    15 |     8 ||    45
       Potion            |       |       |     7 |       |    10 |    11 ||    28
 Stab: Sleeping          |     1 |     2 |     3 |     1 |     8 |     3 ||    18
       Distracted        |       |       |     2 |     8 |    11 |     3 ||    24
       Invisible         |       |       |       |       |     9 |       ||     9
       Held in net/web   |       |       |       |       |     1 |       ||     1
       Paralysed         |       |       |       |       |     1 |       ||     1
  Eat: Chunk             |       |     3 |       |     4 |     3 |       ||    10
       Ration            |       |       |     2 |     1 |     3 |     3 ||     9
Armor: Robe              |    12 |     4 |       |       |       |       ||    16
       Skin              |       |     4 |    14 |     5 |    45 |    73 ||   141
       Leather armour    |       |       |       |    11 |       |       ||    11
       Troll leather arm |       |       |       |    16 |   124 |     2 ||   142
Dodge: Dodged            |    46 |   124 |   267 |   314 |   629 |   232 ||  1612
Block: Shield            |       |       |       |       |    96 |   187 ||   283
       Reflection        |       |       |       |       |     4 |     9 ||    13

Table legend:
 A = Turns spent in this place as a percentage of turns spent in the entire game.
 B = Non-inter-level travel turns spent in this place as a percentage of non-inter-level travel turns spent in the entire game.
 C = Inter-level travel turns spent in this place as a percentage of turns spent in this place.
 D = Turns resting spent in this place as a percentage of non-inter-level travel turns spent in this place.
 E = Turns spent auto-exploring this place as a percentage of non-inter-level travel turns spent in this place.
 F = Non-inter-level travel turns spent in this place divided by the number of levels of this place that you've seen.
                   A       B       C       D       E      F
               +-------+-------+-------+-------+-------+----------------------
         Total | 100.0 | 100.0 |   1.0 |   0.0 |   0.0 | 225.2
       Dungeon |  44.5 |  44.7 |   0.5 |   0.0 |   0.0 | 301.8
        Temple |   0.7 |   0.4 |  44.1 |   0.0 |   0.0 |  33.0
          Lair |   8.9 |   9.0 |   0.0 |   0.0 |   0.0 | 121.2
        Shoals |  10.6 |  10.7 |   0.0 |   0.0 |   0.0 | 216.8
   Spider Nest |  15.2 |  15.4 |   0.0 |   0.0 |   0.0 | 312.0
    Slime Pits |   3.6 |   3.7 |   0.0 |   0.0 |   0.0 |  59.2
  Orcish Mines |   8.9 |   8.5 |   4.4 |   0.0 |   0.0 | 346.5
         Sewer |   4.8 |   4.9 |   0.0 |   0.0 |   0.0 | 396.0
      Ice Cave |   2.8 |   2.8 |   0.0 |   0.0 |   0.0 | 228.0
               +-------+-------+-------+-------+-------+----------------------

Table legend:
 A = Kills in this place as a percentage of kills in entire the game.
 B = Kills by you in this place as a percentage of kills by you in the entire game.
 C = Kills by friends in this place as a percentage of kills by friends in the entire game.
 D = Other kills in this place as a percentage of other kills in the entire game.
 E = Experience gained in this place as a percentage of experience gained in the entire game.
 F = Experience gained in this place divided by the number of levels of this place that you have seen.
                   A       B       C       D       E      F
               +-------+-------+-------+-------+-------+----------------------
         Total | 100.0 | 100.0 | 100.0 | 100.0 | 100.0 | 6466.0
       Dungeon |  36.1 |  35.1 |  46.1 |   0.0 |   7.5 | 1458.4
          Lair |   6.6 |   6.6 |   6.6 |   0.0 |   6.6 | 2553.8
        Shoals |  10.5 |  11.2 |   1.3 | 100.0 |  23.8 | 13866.0
   Spider Nest |  17.8 |  15.9 |  34.2 |   0.0 |  22.8 | 13277.0
    Slime Pits |   7.0 |   7.7 |   1.3 |   0.0 |  25.6 | 11914.6
  Orcish Mines |  13.7 |  14.2 |  10.5 |   0.0 |  12.1 | 14028.0
         Sewer |   6.7 |   7.5 |   0.0 |   0.0 |   0.2 | 371.0
      Ice Cave |   1.7 |   1.9 |   0.0 |   0.0 |   1.5 | 3381.0
               +-------+-------+-------+-------+-------+----------------------

Vault maps used:
D:1:      dpeg_arrival_shrine, minmay_fountain_box, minmay_tetromino_l2
D:2:      elyvilon_altar_3, uniq_crazy_yiuf_cottage
D:3:      overflow_temple_1_default, nicolae_ru_sacrificial_ziggurat,
          gup_sewer_entry_glass
D:4:      overflow_temple_1_default, nicolae_overflow_hidden_temple,
          first_ration
D:5:      fiery_altar_vehumet
D:7:      nicolae_gozag_cash_rules_everything_around_me,
          minmay_temple_entry_statues, nicolae_dithmenos_through_a_glass_darkly
D:8:      serial_shops, shop, uniq_pikel, uniq_erica, uniq_gastronok
D:9:      uniq_grum
D:10:     erik_lair_island, serial_shops, nicolae_shop_stone
D:11:     zombieorc2_lemuel, uniq_harold, uniq_snorg
D:12:     lab_entry_generic, basic_altar, uniq_urug
Temple:   oiseaux_autumnal_temple
Lair:1:   grunt_megastairs_4
Lair:2:   elwin_shoals_entry_rooms, nicolae_spider_entry_non_spiders,
          portal_ice_cave_rime
Lair:3:   nicolae_quartered_pool_little, cheibrodos_lair_caveside_slide
Lair:4:   serial_bayou_pond_b, minivault_23, lemuel_fruit_tree
Lair:5:   roderic_batcave
Lair:6:   minmay_lair_end_enchanted_forest, slime_altar_1, minivault_24,
          kennysheep_rathole, uniq_rupert
Shoals:1: serial_shops, shop, uniq_roxanne
Shoals:2: uniq_nikola
Shoals:4: shoals_end_grunt_ice, shoals_ilsuiw_ice, uniq_mara
Spider:1: spiders_nest_hornet_nest
Spider:2: hangedman_stitches_earthworm, uniq_frances
Spider:3: uniq_donald, uniq_louise
Spider:4: spider_rune_water, guppyfry_hornet_nest
Orc:1:    basic_altar
Orc:2:    st_orc_ogre_mass
Sewer:    sewer_minmay_treatment
IceCv:    ice_cave_small_demon
